Map: Ruins of Endion

Players

Scyther

  • Race: Terran Terran
  • League: Master

Miszu - Winner!

  • Race: Terran Terran
  • League: Master

VOD

Have the link to the VOD?

Description

Time

  • Played on: March 28, 2016, 6:06 p.m.
  • Length: 12:14
Show
View Real Time Build Order
Export as new Build Order

Scyther Terran 

Build Orders: Reaper Expand, Bio Tank 

Get SALT Encoding   

  12  0:01  SCV  
  13  0:13  SCV  
  14  0:18  Supply Depot  
  14  0:25  SCV  
  15  0:39  SCV  
  15  0:40  Barracks  
  16  0:44  Refinery  
  16  0:51  SCV  
  17  1:03  SCV  
  18  1:15  SCV  
  19  1:28  Reaper, Orbital Command  
  20  1:43  Command Center  
  20  1:53  SCV  
  21  1:57  Supply Depot  
  21  2:00  Marine  
  22  2:06  SCV  
  23  2:12  Factory  
  23  2:19  SCV  
  24  2:23  Barracks Reactor  
  24  2:24  Refinery  
  24  2:31  SCV  
  25  2:43  SCV  
  26  2:50  Engineering Bay  
  26  2:54  Orbital Command  
  26  2:55  SCV  
  27  2:58  Starport  
  27  3:04  Marine x2  
  27  3:05  Factory Tech Lab  
  29  3:07  SCV  
  29  3:19  SCV  
  29  3:22  Marine x2  
  31  3:29  Siege Tank  
  31  3:30  SCV  
  31  3:31  SCV  
  33  3:42  Marine x2, SCV  
  33  3:43  SCV  
  37  3:50  Supply Depot  
  37  3:54  SCV, Missile Turret  
  38  3:59  Missile Turret  
  38  4:00  Medivac  
  40  4:05  SCV  
  40  4:06  SCV  
  40  4:09  Marine x2  
  44  4:16  Supply Depot  
  44  4:17  SCV  
  44  4:19  Siege Tank  
  48  4:24  SCV  
  48  4:29  SCV  
  50  4:35  Viking  
  50  4:36  SCV  
  52  4:41  SCV  
  50  4:49  SCV  
  50  4:53  SCV  
  50  4:58  Refinery  
  50  4:59  Supply Depot, Command Center  
  51  5:01  SCV  
  51  5:06  SCV  
  51  5:13  SCV  
  52  5:16  Marine x2, Siege Tank  
  52  5:18  SCV  
  55  5:25  SCV  
  53  5:30  SCV  
  53  5:35  Marine x2  
  52  5:36  Starport Reactor  
  52  5:37  SCV  
  52  5:41  Barracks  
  52  5:42  SCV  
  56  5:43  Barracks  
  56  5:49  SCV  
  57  5:50  Siege Tank  
  57  5:54  SCV  
  61  5:58  Marine x2  
  61  6:01  SCV  
  64  6:06  SCV  
  65  6:12  Viking  
  65  6:13  SCV  
  65  6:16  Viking  
  70  6:23  Supply Depot  
  70  6:28  Barracks Tech Lab  
  70  6:29  SCV x2  
  70  6:30  Barracks Tech Lab  
  70  6:32  Orbital Command  
  72  6:37  Marine x2  
  74  6:41  Refinery, SCV x2  
  74  6:44  Supply Depot  
  76  6:53  SCV x2  
  78  6:54  Stimpack, Combat Shields  
  78  6:55  Marine x3  
  81  7:06  Terran Infantry Weapons Level 1  
  81  7:08  Barracks x2, SCV  
  82  7:09  SCV  
  82  7:11  SCV  
  84  7:20  SCV  
  84  7:22  Medivac x2  
  89  7:23  Engineering Bay  
  89  7:26  Supply Depot  
  89  7:30  Supply Depot  
  89  7:33  Marine x2  
  89  7:34  Marine x2  
  89  7:36  SCV  
  94  7:42  SCV  
  94  7:43  Orbital Command  
  95  7:45  Supply Depot  
  95  7:46  Supply Depot  
  95  7:51  SCV  
  95  7:56  Terran Infantry Armor Level 1  
  95  7:57  Barracks Reactor x2  
  96  8:01  Siege Tank  
  96  8:03  Factory  
  96  8:04  Marine x2  
  101  8:07  SCV x2  
  104  8:12  SCV  
  104  8:17  Supply Depot  
  104  8:18  Missile Turret  
  102  8:20  SCV x2  
  102  8:23  Marine x4  
  102  8:24  Supply Depot  
  108  8:33  SCV x2  
  106  8:34  Marine x3, Siege Tank  
  106  8:35  Marine  
  106  8:38  Medivac x2  
  117  8:46  Supply Depot, SCV x2  
  119  8:50  Marine x4  
  119  8:52  Marine  
  124  8:56  Supply Depot, Factory Tech Lab  
  124  8:59  Missile Turret  
  124  9:00  Marine x3  
  125  9:07  Marine x2  
  125  9:08  Marine  
  128  9:16  Marine x2  
  128  9:17  Siege Tank x2  
  136  9:18  Marine x2, Medivac x2  
  135  9:28  Marine x2  
  137  9:36  Marine x2  
  128  9:44  Marine x4  
  113  9:45  Marine  
  113  9:48  Medivac  
  113  9:49  Siege Tank  
  113  9:50  Marine  
  113  9:51  Siege Tank  
  123  9:54  Marine x2  
  123  9:55  SCV x2  
  123  9:59  SCV  
  127  10:00  Barracks  
  127  10:02  Barracks x2  
  127  10:03  Marine x2  
  127  10:04  Marine x2  
  127  10:05  Marine  
  127  10:07  SCV  
  127  10:17  Marine x2  
  127  10:18  SCV  
  127  10:20  Marine  
  127  10:21  Marine, Siege Tank  
  132  10:22  Marine x2  
  132  10:24  Marine x2  
  131  10:34  Marine  
  131  10:35  Marine  
  129  10:37  Marine  
  129  10:39  Marine, SCV  
  131  10:47  Marine x2  
  131  10:49  SCV  
  128  10:56  SCV  
  116  11:00  Marine x2  
  116  11:01  SCV  
  114  11:06  Marine x2  
  114  11:07  Marine x2  
  114  11:08  Orbital Command  
  118  11:21  Marine x5  
  123  11:36  Marine x2  
  123  11:38  Marine x2  
  127  11:43  Marine x2  
  127  11:55  Supply Depot  
  127  12:01  Supply Depot  
  127  12:02  Supply Depot x2  
Show
View Real Time Build Order
Export as new Build Order

Miszu Terran - Winner!

Build Orders: 1/1/1, Bio Tank, Banshee Rush 

Get SALT Encoding   

  12  0:00  SCV  
  13  0:12  SCV  
  14  0:17  Supply Depot  
  14  0:25  SCV  
  15  0:32  Refinery  
  15  0:39  SCV  
  16  0:47  Barracks  
  16  0:52  SCV  
  16  0:55  Refinery  
  17  1:04  SCV  
  18  1:17  SCV  
  20  1:35  Factory, Orbital Command  
  20  1:38  Reaper  
  20  1:50  Supply Depot  
  20  2:00  SCV  
  21  2:11  Reaper  
  21  2:12  SCV  
  23  2:20  Starport  
  23  2:24  Hellion  
  23  2:25  SCV  
  26  2:32  Supply Depot  
  26  2:38  SCV  
  26  2:44  Barracks Tech Lab  
  27  2:45  Hellion  
  29  2:53  SCV  
  30  3:00  Supply Depot  
  30  3:05  SCV  
  31  3:15  Cloaking Field  
  31  3:16  Banshee  
  31  3:17  SCV  
  30  3:43  Barracks Reactor, Factory Tech Lab  
  30  3:44  SCV  
  30  3:55  Command Center  
  30  3:57  SCV  
  30  3:59  Banshee  
  34  4:04  Siege Tank  
  34  4:09  SCV  
  38  4:22  Command Center  
  38  4:29  SCV  
  38  4:41  SCV  
  39  4:48  Barracks x2  
  39  4:51  Marine x2  
  41  4:53  Siege Tank  
  41  4:56  SCV  
  45  5:05  Starport Reactor  
  45  5:08  SCV  
  45  5:12  Marine  
  45  5:13  Marine  
  45  5:23  SCV  
  45  5:25  Siege Tank  
  49  5:33  Orbital Command  
  49  5:34  SCV  
  48  5:42  Barracks Tech Lab  
  48  5:44  SCV  
  48  5:56  Medivac x2, SCV  
  53  5:57  Siege Tank  
  53  6:01  Stimpack  
  53  6:03  Refinery x2, SCV  
  57  6:09  Orbital Command  
  57  6:12  Marine x2  
  57  6:13  Marine  
  57  6:15  SCV  
  61  6:20  SCV  
  61  6:23  Marine  
  63  6:28  SCV  
  63  6:30  Engineering Bay  
  63  6:32  Engineering Bay, SCV  
  65  6:34  Combat Shields  
  65  6:35  SCV  
  65  6:39  Medivac  
  68  6:43  Medivac  
  71  6:47  SCV x2  
  72  6:54  Marine x3  
  72  6:55  Marine  
  72  6:58  Barracks  
  72  6:59  Barracks, SCV  
  77  7:04  Orbital Command  
  77  7:05  Supply Depot  
  77  7:07  Terran Infantry Armor Level 1  
  78  7:08  Terran Infantry Weapons Level 1, SCV  
  78  7:11  SCV  
  78  7:19  Marine x4  
  78  7:20  SCV  
  83  7:23  Supply Depot, SCV  
  83  7:29  SCV  
  85  7:32  SCV  
  85  7:34  Siege Tank  
  85  7:35  SCV  
  85  7:37  Marine  
  90  7:39  Marine x2  
  93  7:44  Medivac  
  93  7:45  SCV  
  93  7:46  Supply Depot  
  93  7:49  Supply Depot  
  93  7:51  SCV x2  
  98  7:52  Supply Depot  
  99  7:58  Marine  
  99  7:59  Barracks Reactor  
  99  8:00  Barracks Reactor  
  99  8:01  Sensor Tower  
  99  8:04  Armory  
  99  8:06  Refinery  
  99  8:07  Refinery, SCV  
  99  8:12  Marine x2  
  101  8:13  Marine  
  101  8:16  Marine  
  104  8:30  Marine x3  
  110  8:34  Marine, Medivac, Siege Tank  
  113  8:42  Sensor Tower, SCV  
  113  8:43  Supply Depot  
  113  8:44  Supply Depot x2  
  113  8:46  Marine x2  
  113  8:47  Marine  
  113  8:48  Marine x3  
  118  8:50  Marine  
  118  8:52  Marine  
  122  9:00  Factory  
  122  9:04  Marine  
  122  9:05  Marine  
  124  9:11  Marine x6  
  130  9:21  Marine  
  130  9:23  Marine  
  132  9:29  Marine x3  
  132  9:30  Marine x3  
  138  9:34  Siege Tank  
  138  9:39  Marine  
  138  9:41  Marine  
  127  9:46  Marine  
  127  9:47  Marine x4  
  127  9:48  Marine  
  127  9:49  Medivac  
  135  9:56  Terran Infantry Weapons Level 2  
  135  9:57  Marine  
  135  9:59  Marine  
  137  10:04  Marine, Medivac  
  137  10:05  Marine x2  
  137  10:06  Siege Tank  
  146  10:08  Factory Tech Lab  
  143  10:15  Marine  
  143  10:17  Marine  
  145  10:25  Marine x3  
  145  10:27  Siege Tank  
  153  10:33  Supply Depot  
  151  10:36  Supply Depot x2  
  140  10:55  Marine x8  
  140  10:56  Siege Tank  
  150  11:04  Siege Tank  
  150  11:06  Medivac  
  153  11:12  Marine  
  153  11:13  Marine  
  153  11:17  Marine  
  156  11:26  Marine x4  
  156  11:28  Siege Tank  
  156  11:29  Marine  
  164  11:37  Siege Tank  
  167  11:43  Marine x3  
  167  11:44  Marine x4  
  167  11:46  Marine  
Tags
 
Add a new tag
Caveats
  • Supply blocks, unpowered buildings, or Contaminate may cause inaccurate times.
  • Supply counts are checked every 10 seconds.